 Dungeon Crawl Stone Soup version 0.29.1-15-g9cfb28693d (webtiles) character file.

Game seed: 13154917781020764832

114 Danienth the Cudgeller (level 4, -1/41 HPs)
             Began as a Gnoll Cinder Acolyte on Apr 9, 2023.
             Was a Follower of Ignis.
             Killed from afar by Sigmund (2 damage)
             ... with a magic dart
             ... on level 2 of the Dungeon.
             The game lasted 00:13:48 (2570 turns).

Danienth the Cudgeller (Gnoll Cinder Acolyte)       Turns: 2570, Time: 00:13:49

Health: -1/41      AC:  9    Str: 13    XL:     4   Next: 98%
Magic:  8/8        EV: 11    Int: 14    God:    Ignis [*.....]
Gold:   152        SH:  0    Dex:  9    Spells: 9/9 levels left

rFire   + . .      SeeInvis .   k - +2 short sword (vamp)
rCold   . . .      Faith    .   (no shield)
rNeg    . . .      Spirit   .   b - +0 robe
rPois   .          Reflect  .   (no helmet)
rElec   .          Harm     .   (no cloak)
rCorr   .          Rampage  .   (no gloves)
Will    .....                   (no boots)
Stlth   +.........              (no amulet)
HPRegen 0.13/turn               (no ring)
MPRegen 0.11/turn               (no ring)

@: fiery-armoured
A: fangs 1, strong nose, distributed training
a: Renounce Religion, Fiery Armour, Foxfire Swarm, Rising Flame


You were on level 2 of the Dungeon.
You worshipped Ignis.
Ignis was aware of your devotion.
You visited 1 branch of the dungeon, and saw 3 of its levels.

You collected 152 gold pieces.

Inventory:

Hand Weapons
 a - a -1 mace of flaming
 k - a +2 vampiric short sword (weapon)
Armour
 b - a +0 robe (worn)
Scrolls
 e - a scroll of enchant armour
 f - a scroll of enchant weapon
 i - a scroll of blinking {unknown}
 l - a scroll of silence {unknown}
Potions
 c - 2 potions of might
 j - a potion of cancellation


   Skills:
 + Level 6.6 Fighting
 + Level 1.3 Short Blades
 + Level 1.3 Long Blades
 + Level 1.3 Axes
 + Level 6.6 Maces & Flails
 + Level 1.3 Polearms
 + Level 1.3 Staves
 + Level 1.3 Ranged Weapons
 + Level 1.3 Throwing
 + Level 1.3 Armour
 + Level 1.3 Dodging
 + Level 1.3 Stealth
 + Level 1.3 Shields
 + Level 1.3 Unarmed Combat
 + Level 3.1 Spellcasting
 + Level 1.1 Conjurations
 + Level 1.1 Hexes
 + Level 1.1 Summonings
 + Level 1.1 Necromancy
 + Level 1.1 Translocations
 + Level 1.1 Transmutations
 + Level 5.5 Fire Magic
 + Level 1.1 Ice Magic
 + Level 1.1 Air Magic
 + Level 1.1 Earth Magic
 + Level 1.1 Poison Magic
 + Level 1.5 Invocations
 + Level 1.3 Evocations


You had 9 spell levels left.
You didn't know any spells.
Your spell library contained the following spells:

 Spells                   Type           Power      Damage    Failure   Level
 Scorch                   Fire           34%        2d6       3%          2


Dungeon Overview and Level Annotations

Branches:
Dungeon (3/15)

Altars:

Annotations:
D:2 Sigmund


Innate Abilities, Weirdness & Mutations

You have very sharp teeth.
Your uncanny sense of smell can sniff out nearby items.
Your experience applies equally to all skills.


Message History

The foxfire hits something but does no damage.
The foxfire hits the dart slug but does no damage.
The dart slug is moderately wounded.
The foxfire hits something but does no damage.
The foxfire hits the dart slug.
The dart slug is heavily wounded.
The foxfire hits the dart slug.
The dart slug is severely wounded.
The foxfire hits the dart slug but does no damage.
The dart slug is severely wounded.
The foxfire hits the dart slug but does no damage.
The dart slug is severely wounded.
The foxfire hits something. x3; The foxfire hits the dart slug.
The dart slug is almost dead.
The foxfire hits the dart slug.
You kill the dart slug!
The foxfire hits something.
Something hits you.
You hear some strange, mumbled words.
A magic dart appears from out of thin air!
The magic dart hits you.
You miss something. Something hits you.
You barely miss something. You miss something. Your bite misses something.
Something hits you.
* * * LOW HITPOINT WARNING * * *
A protective cloak of flame settles atop you.
Something hits you.
* * * LOW HITPOINT WARNING * * *
You miss something. Something hits you!
* * * LOW HITPOINT WARNING * * *
As you read the scroll labelled JOTOSM VIAPTI, it crumbles to dust.
You hear a loud clanging noise!
It was a scroll of noise.
You hear a shout! x9
As you read the scroll labelled SAISESCHUCO, it crumbles to dust.
You assume a fearsome visage.
It was a scroll of fear.
There is a strange disturbance nearby!
You start resting.
A magic dart appears from out of thin air!
The magic dart hits you.
You die...

# ... # ...## .........#
# #...# #.∆# ........ #
#...# #..#........ #
#...# #..#.#.{... #
###...# #.........# .#
......#####.#.#..#.#..#
......................#
##...######.....@.....##
##.....................
#.............†#.#.###
###...#..............#
......###............#
####.####....##.####.#
.............##.# .#
####.####.#..#..# # #..
..........


There were no monsters in sight!

Vanquished Creatures
  An orc wizard (D:3)
  4 adders
  2 dart slugs
  4 orcs (D:3)
  2 ball pythons
  2 bats
  5 endoplasms
  2 giant cockroaches (D:1)
  3 goblins (D:3)
  5 hobgoblins
  4 jackals (D:3)
  3 kobolds
  A quokka (D:1)
  3 frilled lizards (D:1)
  2 rats
43 creatures vanquished.

Vanquished Creatures (others)
  40 foxfires
40 creatures vanquished.

Grand Total: 83 creatures vanquished

Notes
Turn   | Place    | Note
-------+----------+-------------------------------------------
     0 | D:1      | Danienth the Gnoll Cinder Acolyte began the quest for the
                  | Orb.
     0 | D:1      | Reached XP level 1. HP: 23/23 MP: 4/4
    84 | D:1      | Reached XP level 2. HP: 28/29 MP: 5/5
   506 | D:1      | Found a faded altar of an unknown god.
   872 | D:2      | You fall into a shaft and drop 1 floor!
  1208 | D:3      | Reached XP level 3. HP: 30/35 MP: 7/7
  1412 | D:3      | Reached skill level 1 in Invocations
  1441 | D:3      | Reached skill level 1 in Short Blades
  1441 | D:3      | Reached skill level 1 in Long Blades
  1441 | D:3      | Reached skill level 1 in Axes
  1441 | D:3      | Reached skill level 1 in Polearms
  1441 | D:3      | Reached skill level 1 in Staves
  1441 | D:3      | Reached skill level 1 in Ranged Weapons
  1441 | D:3      | Reached skill level 1 in Throwing
  1441 | D:3      | Reached skill level 1 in Armour
  1441 | D:3      | Reached skill level 1 in Dodging
  1441 | D:3      | Reached skill level 1 in Stealth
  1441 | D:3      | Reached skill level 1 in Shields
  1441 | D:3      | Reached skill level 1 in Unarmed Combat
  1441 | D:3      | Reached skill level 1 in Evocations
  1459 | D:3      | Reached XP level 4. HP: 34/41 MP: 8/8
  1460 | D:3      | Reached skill level 1 in Conjurations
  1460 | D:3      | Reached skill level 1 in Hexes
  1460 | D:3      | Reached skill level 1 in Summonings
  1460 | D:3      | Reached skill level 1 in Necromancy
  1460 | D:3      | Reached skill level 1 in Translocations
  1460 | D:3      | Reached skill level 1 in Transmutations
  1460 | D:3      | Reached skill level 1 in Ice Magic
  1460 | D:3      | Reached skill level 1 in Air Magic
  1460 | D:3      | Reached skill level 1 in Earth Magic
  1460 | D:3      | Reached skill level 1 in Poison Magic
  2551 | D:2      | Noticed Sigmund
  2565 | D:2      | HP: 1/41 [something (9)]
  2570 | D:2      | Killed from afar by Sigmund

Illustrated notes

Levels and vault maps discovered:
D:1:      dpeg_arrival_long_road, layout_basic, shapermc_ecumenical_altar_venn,
          kennysheep_boxes
D:2:      layout_basic, uniq_sigmund, uniq_robin
D:3:      layout_loops_ring, kennysheep_generic_room_12

Skill      XL: |  1  2  3  4 |
---------------+-------------+-----
Invocations    | 1 |  1.5
Short Blades   | 1 |  1.3
Long Blades    | 1 |  1.3
Axes           | 1 |  1.3
Polearms       | 1 |  1.3
Staves         | 1 |  1.3
Ranged Weapons | 1 |  1.3
Throwing       | 1 |  1.3
Armour         | 1 |  1.3
Dodging        | 1 |  1.3
Stealth        | 1 |  1.3
Shields        | 1 |  1.3
Unarmed Combat | 1 |  1.3
Evocations     | 1 |  1.3
Spellcasting   | 3 |  3.1
Conjurations   | 1 |  1.1
Hexes          | 1 |  1.1
Summonings     | 1 |  1.1
Necromancy     | 1 |  1.1
Translocations | 1 |  1.1
Transmutations | 1 |  1.1
Ice Magic      | 1 |  1.1
Air Magic      | 1 |  1.1
Earth Magic    | 1 |  1.1
Poison Magic   | 1 |  1.1
Fighting       | |  6.6
Maces & Flails | |  6.6
Fire Magic     | |  5.5

Action                   |  1- 3 |  4- 6 || total
-------------------------+-------+-------++-------
Melee: Mace              |    72 |     1 ||    73
       Bite              |     6 |       ||     6
       Punch             |     1 |       ||     1
       Short sword       |       |    34 ||    34
Invok: Fiery Armour      |     2 |     2 ||     4
       Foxfire Swarm     |     3 |     1 ||     4
  Use: Scroll            |       |     6 ||     6
 Stab: Sleeping          |     1 |     1 ||     2
Armor: Robe              |    19 |    12 ||    31
Dodge: Dodged            |    55 |    31 ||    86
